 Dungeon Crawl Stone Soup version 0.31-a0-667-g39726597b9 (webtiles) character file.

Game seed: 7216197634381800520

789 bjtr the Digger (level 7, -1/38 HPs)
             Began as a Gargoyle Earth Elementalist on Sept 4, 2023.
             Slain by an orc warrior
             ... wielding a +0 halberd
              (11 damage)
             ... on level 7 of the Dungeon.
             The game lasted 00:13:54 (3773 turns).

bjtr the Digger (Gargoyle Earth Elementalist)       Turns: 3773, Time: 00:13:55

Health: -1/38      AC:  8    Str: 12    XL:     7   Next: 87%
Magic:  1/14       EV: 12    Int: 17    God:
Gold:   230        SH:  0    Dex: 10    Spells: 10/16 levels left

rFire   . . .        m - +0 flail
rCold   . . .        (no shield)
rNeg    + . .        h - +0 leather armour
rPois   ∞            (no helmet)
rElec   +            (no cloak)
rCorr   .            (no gloves)
SInv    .            (no boots)
Will    .....        (no amulet)
Stlth   ++           (no ring)
HPRegen 0.26/turn    (no ring)
MPRegen 0.14/turn

%: no passive effects
@: no status effects
A: sickness immunity, AC +4, negative energy resistance 1, electricity
resistance, torment resistance 1, petrification resistance
a: no special abilities


You were on level 7 of the Dungeon.
You visited 1 branch of the dungeon, and saw 5 of its levels.

You collected 230 gold pieces.

Inventory:

Hand Weapons
 g - a +0 mace
 m - a +0 flail (weapon)
 n - a +0 sling
 t - a +0 rapier of venom
Missiles
 r - 3 poisoned darts
Armour
 h - a +0 leather armour (worn)
 j - a +0 robe
Magical Staves
 a - a staff of conjuration
 c - a staff of poison
Wands
 l - a wand of charming (10)
Scrolls
 d - a scroll of enchant armour {unknown}
 e - a scroll of fear {unknown}
 s - a scroll of teleportation {unknown}
Potions
 f - a potion of resistance {unknown}
 o - a potion of cancellation {unknown}
 p - a potion of haste {unknown}
 q - a potion of berserk rage


   Skills:
 + Level 1.2 Fighting
 + Level 2.1 Armour
 + Level 2.9 Dodging
 + Level 2.5 Stealth
 + Level 5.2 Spellcasting
 + Level 0.1 Conjurations
 - Level 0.7 Transmutations
 + Level 7.0 Earth Magic


You had 10 spell levels left.
You knew the following spells:

 Your Spells              Type           Power      Damage    Failure   Level
a - Sandblast             Erth           56%        2d13      1%          1
b - Passwall              Tmut/Erth      14%        N/A       5%          2
c - Stone Arrow           Conj/Erth      32%        3d9       12%         3

Your spell library contained the following spells:

 Spells                   Type           Power      Damage    Failure   Level
 Petrify                  Tmut/Erth      17%        N/A       34%         4
 Inner Flame              Hex/Fire       4%         N/A       47%         3
 Yara's Violent Unravell  Hex/Tmut       2%         3d3       99%         5
 Enfeeble                 Hex            2%         N/A       100%        7


Dungeon Overview and Level Annotations

Branches:
Dungeon (4/15)
 Temple: D:4-7

Altars:
Kikubaaqudgha

Shops:
D:2 (


Innate Abilities, Weirdness & Mutations

You are immune to sickness and miasma.
Your stone body is resilient. (AC +4)
You are immune to poison.
You resist negative energy. (rN+)
You are resistant to electric shocks. (rElec)
You are resistant to unholy torment.
You are immune to petrification.


Message History

Confirm with . or Enter, or press ? or * to list all spells.
Aiming: Stone Arrow (dangerous; 12% risk of failure)
Press: ? - help, Shift-Dir - straight line, f/p - orc warrior
Aim: an orc warrior, wielding a +0 halberd and wearing a +0 plate armour (moderately wounded, 68% to hit)
The stone arrow misses the orc warrior.
The orc warrior completely misses you.
Unknown command.
The orc warrior hits you with a +0 halberd.
You closely miss the orc warrior.
The orc warrior is moderately wounded.
The orc warrior misses you.
The orc warrior hits you with a +0 halberd.
You hit the orc warrior but do no damage.
The orc warrior is moderately wounded.
The orc warrior completely misses you.
You barely miss the orc warrior.
The orc warrior is moderately wounded.
The orc warrior hits you but does no damage.
You barely miss the orc warrior.
The orc warrior is moderately wounded.
The orc warrior hits you with a +0 halberd!
The orc warrior misses you.
You barely miss the orc warrior.
The orc warrior is moderately wounded.
The orc warrior hits you with a +0 halberd.
Your magical contamination has completely faded away.
The orc warrior hits you from afar with a +0 halberd.
* * * LOW HITPOINT WARNING * * *
You feel better.
The orc warrior hits you from afar with a +0 halberd.
* * * LOW HITPOINT WARNING * * *
Casting: Stone Arrow (dangerous; 12% risk of failure)
Confirm with . or Enter, or press ? or * to list all spells.
Aiming: Sandblast (safe; 1% risk of failure)
Press: ? - help, Shift-Dir - straight line, f/p - orc warrior
Aim: an orc warrior, wielding a +0 halberd and wearing a +0 plate armour (lightly wounded, 83% to hit)
The blast of sand hits the orc warrior but does no damage.
The orc warrior is lightly wounded.
The orc warrior barely misses you.
The orc warrior hits you from afar with a +0 halberd!
You die...

....... #.......##
.......##....†...##
..................#
......(###.......##
.......####......#
##....##.........#
............##...##
...###.......#....#
.....#......@.....#
.. .......o.......#
..#........)###
..#.)........#
....))#..##.#..##
..>...#...#.#...#
..... #.##.....##
..# #[##.....###
...# ...#....#..###


You could see an orc warrior.

Vanquished Creatures
  A water moccasin (D:3)
  A black bear (D:3)
  A bullfrog (D:7)
  A scorpion (D:7)
  5 wights (D:7)
  A hound (D:7)
  7 adders
  A shadow imp (D:7)
  A white imp (D:7)
  A worm (D:4)
  3 dart slugs
  12 orcs
  9 ball pythons
  6 endoplasms
  A giant cockroach (D:1)
  7 goblins
  9 hobgoblins
  12 jackals
  7 kobolds
  4 quokkas
  2 bats
  3 frilled lizards
  6 rats
101 creatures vanquished.

Notes
Turn   | Place    | Note
-------+----------+-------------------------------------------
     0 | D:1      | bjtr the Gargoyle Earth Elementalist began the quest for
                  | the Orb.
     0 | D:1      | Reached XP level 1. HP: 10/10 MP: 3/3
    63 | D:1      | Reached skill level 4 in Earth Magic
    63 | D:1      | Reached XP level 2. HP: 8/15 MP: 0/5
   550 | D:1      | Reached XP level 3. HP: 17/19 MP: 0/6
  1219 | D:2      | Learned a level 2 spell: Passwall
  1223 | D:2      | Learned a level 3 spell: Stone Arrow
  1752 | D:2      | Reached XP level 4. HP: 24/24 MP: 5/8
  1786 | D:2      | Found Yducur's Weapon Shoppe.
  2025 | D:3      | Found a transporter.
  2064 | D:3      | Noticed a black bear
  2065 | D:3      | Found a transporter.
  2073 | D:3      | Found an ancient bone altar of Kikubaaqudgha.
  2247 | D:3      | Found a faded altar of an unknown god.
  2305 | D:3      | Noticed a water moccasin
  2330 | D:3      | Killed a water moccasin
  2331 | D:3      | Reached skill level 1 in Armour
  2331 | D:3      | Reached skill level 5 in Earth Magic
  2331 | D:3      | Reached XP level 5. HP: 17/28 MP: 0/10
  2716 | D:3      | Reached XP level 6. HP: 33/33 MP: 9/11
  2931 | D:3      | Killed a black bear
  3189 | D:4      | Reached skill level 1 in Fighting
  3251 | D:4      | You fall into a shaft and drop 3 floors!
  3262 | D:7      | Reached skill level 6 in Earth Magic
  3268 | D:7      | Reached XP level 7. HP: 30/38 MP: 2/13
  3612 | D:7      | Reached skill level 7 in Earth Magic
  3693 | D:7      | Reached skill level 5 in Spellcasting
  3773 | D:7      | Slain by an orc warrior

Illustrated notes

Levels and vault maps discovered:
D:1:      doesnt_arrival_eight_statues, layout_basic
D:2:      layout_basic, serial_shops, nicolae_square_shop, kennysheep_potato
D:3:      layout_basic, gammafunk_temple_overflow_arena,
          ebering_ecumenical_altar_hall
D:4:      kennysheep_big_flooded_room, layout_basic, ebering_ghost_sewer_d,
          st_stairs_14
D:7:      layout_cave_pools, grunt_temple_overflow_champion_of_chaos,
          uniq_prince_ribbit1

Skill      XL: |  1  2  3  4  5  6  7 |
---------------+----------------------+-----
Earth Magic    | 4 5 6 7 |  7.0
Spellcasting   | 3 4 5 |  5.2
Dodging        | 2 |  2.9
Armour         | 1 2 |  2.1
Fighting       | 1 |  1.2
Stealth        | |  2.5
Conjurations   | |  0.1
Transmutations | |  0.7

Action                     |  1- 3 |  4- 6 |  7- 9 || total
---------------------------+-------+-------+-------++-------
  Melee: Staff             |    23 |       |       ||    23
         Mace              |     7 |     7 |       ||    14
         Flail             |       |    47 |     8 ||    55
   Cast: Sandblast         |    41 |    76 |    28 ||   145
         Stone Arrow       |       |     1 |     8 ||     9
         Passwall          |       |       |     1 ||     1
    Use: Scroll            |       |     5 |       ||     5
         Potion            |       |       |     4 ||     4
   Stab: Sleeping          |     2 |     2 |       ||     4
 Armour: Robe              |    17 |       |       ||    17
         Leather armour    |    11 |   127 |    44 ||   182
  Dodge: Dodged            |    33 |   129 |    49 ||   211

Table legend: (Time is in decaauts)
 A = Elapsed time spent in this place.
 B = Non-inter-level travel time spent in this place.
 C = Inter-level travel time spent in this place.
 D = Time resting spent in this place.
 E = Time spent auto-exploring this place.
 F = Levels seen in this place.
 G = Mean time per level.
                   A        B        C        D        E       F      G
               +--------+--------+--------+--------+--------+-----+--------+
         Total |   3875 |   3701 |    174 |    414 |   2395 |   5 |  775.0 |
       Dungeon |   3875 |   3701 |    174 |    414 |   2395 |   5 |  775.0 |
               +--------+--------+--------+--------+--------+-----+--------+

Top non-repeatable levels by time:
     D:1: 1199 daAuts
     D:3: 1151 daAuts
     D:2: 803 daAuts
     D:7: 542 daAuts
     D:4: 178 daAuts
